 Dungeon Crawl Stone Soup version 0.30.1-4-g462c640d31 (webtiles) character file.

Game seed: 17983255571078203667

0 GordonOverkill the Grasshopper (level 1, -1/19 HPs)
             Began as an Ogre Wanderer on Aug 18, 2023.
             Slain by a hobgoblin (3 damage)
             ... on level 1 of the Dungeon.
             The game lasted 00:00:33 (84 turns).

GordonOverkill the Grasshopper (Ogre Wanderer)        Turns: 84, Time: 00:00:34

Health: -1/19      AC:  3    Str: 14    XL:     1   Next: 10%
Magic:  3/3        EV:  9    Int: 14    God:
Gold:   18         SH:  0    Dex:  8    Spells: 3/4 levels left

rFire   . . .        a - +0 short sword
rCold   . . .        (no shield)
rNeg    . . .        e - +0 robe
rPois   .            (helmet restricted)
rElec   .            (no cloak)
rCorr   .            (gloves unavailable)
SInv    .            (boots unavailable)
Will    .....        (no amulet)
Stlth   +            (no ring)
HPRegen 0.23/turn    (no ring)
MPRegen 0.08/turn

%: no passive effects
@: no status effects
A: large, unfitting armour, tough skin 1
a: no special abilities


You were on level 1 of the Dungeon.
You visited 1 branch of the dungeon, and saw 1 of its levels.

You collected 18 gold pieces.

Inventory:

Hand Weapons
 a - a +0 short sword (weapon)
 c - a +0 dagger
Missiles
 b - 10 poisoned darts (quivered)
Armour
 e - a +0 robe (worn)
Scrolls
 d - a scroll of summoning


   Skills:
 + Level 1.5 Fighting
 - Level 1.0 Short Blades
 - Level 1.0 Throwing
 - Level 1.0 Stealth
 - Level 2.4 Spellcasting
 - Level 3.6 Translocations


You had 3 spell levels left.
You knew the following spells:

 Your Spells              Type           Power      Damage    Failure   Level
a - Apportation           Tloc           22%        N/A       5%          1

Your spell library contained the following spells:

 Spells                   Type           Power      Damage    Failure   Level
 Lesser Beckoning         Tloc           22%        N/A       8%          2
 Teleport Other           Tloc           11%        N/A       16%         3


Dungeon Overview and Level Annotations

Branches:
Dungeon (1/15)

Altars:


Innate Abilities, Weirdness & Mutations

You are too large for most types of armour.
You have tough skin. (AC +1)


Message History

* * * LOW HITPOINT WARNING * * *
You barely miss the hobgoblin.
The hobgoblin hits you but does no damage.
The bat hits you.
* * * LOW HITPOINT WARNING * * *
You barely miss the hobgoblin. The bat hits you.
* * * LOW HITPOINT WARNING * * *
The hobgoblin hits you.
* * * LOW HITPOINT WARNING * * *
The bat hits you but does no damage.
You closely miss the hobgoblin. The bat closely misses you. The bat hits you.
* * * LOW HITPOINT WARNING * * *
The hobgoblin barely misses you. The bat hits you.
* * * LOW HITPOINT WARNING * * *
The hobgoblin hits you but does no damage.
The bat closely misses you. The bat attacks as you move away!
The bat closely misses you. The bat hits you but does no damage.
You barely miss the hobgoblin. The hobgoblin hits you.
* * * LOW HITPOINT WARNING * * *
You barely miss the hobgoblin. The hobgoblin hits you.
* * * LOW HITPOINT WARNING * * *
You completely miss the hobgoblin. The hobgoblin barely misses you.
You hit the hobgoblin but do no damage. The hobgoblin barely misses you.
Throw: 12 darts (poison)
Press: ? - help, Q - select action, (/) - cycle Shift-Dir - straight line, f - hobgoblin
Aim: a hobgoblin (52% to hit)
You throw a poisoned dart.
The poisoned dart closely misses the hobgoblin.
The poisoned dart barely misses the bat.
The hobgoblin closely misses you.
Throw: 11 darts (poison)
Press: ? - help, Q - select action, (/) - cycle Shift-Dir - straight line, f/p - hobgoblin
Aim: a hobgoblin (52% to hit)
You throw a poisoned dart.
The poisoned dart barely misses the hobgoblin.
The poisoned dart hits the bat.
The bat is poisoned.
The hobgoblin hits you.
You die...

.###....†.. ... ...........
.. ######.. ###.....#..
...##......# ##.......
.$#....... #....###
#.).....# #....##.
###.......# #########.......
..........###............###
#(....bg@..#######....#
#.....###### ######
#.......# #.......#
#.......# ##.....## ##...##
#####


You could see a hobgoblin and a bat (poisoned).

Vanquished Creatures
  A frilled lizard (D:1)
1 creature vanquished.

Notes
Turn   | Place    | Note
-------+----------+-------------------------------------------
     0 | D:1      | GordonOverkill the Ogre Wanderer began the quest for the
                  | Orb.
     0 | D:1      | GordonOverkill set off with the following items: a +0 short
                  | sword, 10 poisoned darts, a +0 dagger, a scroll of
                  | summoning, a +0 robe; and the following spell memorised:
                  | Apportation; and the following spells available to
                  | memorise: Lesser Beckoning, Teleport Other.
     0 | D:1      | Reached XP level 1. HP: 19/19 MP: 3/3
    26 | D:1      | Found a faded altar of an unknown god.
    84 | D:1      | Slain by a hobgoblin

Illustrated notes

Levels and vault maps discovered:
D:1:      saegor_arrival_simple_b, layout_rooms,
          ebering_ecumenical_altar_sacrificial

Action                     || total
---------------------------++-------
  Melee: Short sword       ||    15
  Throw: Dart              ||     2
 Armour: Robe              ||     9
  Dodge: Dodged            ||    14
